 Dungeon Crawl Stone Soup version 0.27-a0-156-gbcd94eb011 (webtiles) character file.

Game seed: 14600667605628200687

1988 foci the Chopper (level 9, -1/54 HPs)
             Began as a Gargoyle Fighter on Jan 28, 2021.
             Was a Follower of the Shining One.
             Slain by Harold
             ... wielding a +2 vorpal mace
              (12 damage)
             ... on level 7 of the Dungeon.
             The game lasted 00:12:27 (5113 turns).

foci the Chopper (Gargoyle Fighter)                 Turns: 5113, Time: 00:12:28

Health: -1/54      AC: 15    Str: 24    XL:     9   Next: 21%
Magic:  9/9        EV: 14    Int:  8    God:    the Shining One [*.....]
Gold:   264        SH: 11    Dex: 15    Spells: 8/8 levels left

rFire    . . .     SeeInvis .   a - +0 war axe
rCold    . . .     Faith    .   c - +0 kite shield
rNeg     + . .     Spirit   .   b - +0 scale mail
rPois    ∞         Reflect  .   (no helmet)
rElec    +         Harm     .   (no cloak)
rCorr    .         Rampage  .   p - +0 pair of gloves
Will     .....                  (no boots)
Stlth    ..........             (no amulet)
HPRegen  0.18/turn              k - +4 ring of evasion
MPRegen  0.11/turn              l - +6 ring of dexterity

@: about to teleport, glowing
A: negative energy resistance 1, electricity resistance, unbreathing,
petrification resistance, miasma immunity, AC +6
a: Renounce Religion


You were on level 7 of the Dungeon.
You worshipped the Shining One.
The Shining One was aware of your devotion.
You visited 2 branches of the dungeon, and saw 8 of its levels.

You collected 264 gold pieces.

Inventory:

Hand Weapons
 a - a +0 war axe (weapon)
Armour
 b - a +0 scale mail (worn)
 c - a +0 kite shield (worn)
 p - a +0 pair of gloves (worn)
Jewellery
 k - a +4 ring of evasion (left hand)
 l - a +6 ring of dexterity (right hand)
Scrolls
 f - 4 scrolls of teleportation
 j - a scroll of brand weapon
 n - 3 scrolls of enchant armour
 o - 2 scrolls of remove curse
 r - a scroll of fear
 s - a scroll of fog
Potions
 d - 2 potions of might
 e - a potion of magic {unknown}
 h - a potion of brilliance
 i - 8 potions of curing
 m - a potion of flight {unknown}
 t - a potion of resistance {unknown}
 u - a potion of heal wounds {unknown}
 v - a potion of mutation {unknown}
 w - a potion of lignification {unknown}


   Skills:
 + Level 5.4 Fighting
 + Level 7.2 Axes
 + Level 6.1 Armour
 + Level 2.6 Dodging
 + Level 0.9 Stealth
 + Level 6.5 Shields


You had 8 spell levels left.
You didn't know any spells.
Your spell library was empty.

Dungeon Overview and Level Annotations

Branches:
Dungeon (7/15)             Temple (1/1) D:4

Altars:
Ashenzari
Cheibriados
Dithmenos
Elyvilon
Hepliaklqana
Kikubaaqudgha
Makhleb
Nemelex Xobeh
Okawaru
Qazlal
Sif Muna
Trog
Uskayaw
Vehumet
Wu Jian
Xom
Zin
The Shining One

Annotations:
D:7 Harold


Innate Abilities, Weirdness & Mutations

You are resistant to torment.
Your stone body is resilient. (AC +6)
You are immune to poison.
You resist negative energy. (rN+)
You are resistant to electric shocks. (rElec)
You can survive without breathing.
You are immune to petrification.
You are immune to miasma.


Message History

You block Harold's attack.
The bullfrog hits you but does no damage.
Harold hits you but does no damage.
You hit Harold.
Harold is moderately wounded.
You hit the bullfrog but do no damage.
The bullfrog hits you but does no damage.
You block the bullfrog's attack. Harold hits you with a +2 vorpal mace!
You block the bullfrog's attack.
You completely miss Harold.
Harold is moderately wounded.
You slash the bullfrog! You block the bullfrog's attack.
Harold hits you with a +2 vorpal mace!
* * * LOW HITPOINT WARNING * * *
The bullfrog hits you.
* * * LOW HITPOINT WARNING * * *
As you read the scroll of teleportation, it crumbles to dust.
You feel strangely unstable. The bullfrog misses you.
Harold hits you with a +2 vorpal mace!
You die...

...... ..............
......
...=.................. .
#.....................
..#..$..................
........................
..........##............
......F...............##
......@@..............##
...#......#...........##
#.##..##............. #
#....##............
#....#.............
..#.......#.......#
..#...##..#.......#
#.........##........
#.##......#.....#..


You could see Harold and a bullfrog.

Vanquished Creatures
  Grinder (D:6)
  Sigmund (D:3)
  Duvessa (D:6)
  2 black bears
  2 phantoms
  A centaur (D:6)
  2 ogres
  3 bullfrogs
  A wyvern skeleton (D:7)
  Dowan (D:6)
  A scorpion (D:4)
  3 bullfrog zombies
  An orc wizard (D:4)
  A centaur skeleton (D:5)
  An iguana (D:5)
  5 worker ants
  Natasha (thrice) (D:2)
  A killer bee zombie (D:7)
  A hound skeleton (D:6)
  A worker ant zombie (D:6)
  A gnoll (D:5)
  8 adders
  An ufetubus (D:6)
  An ooze (D:3)
  An adder zombie (D:5)
  2 adder skeletons
  3 worms (D:3)
  3 dart slugs
  6 leopard geckos
  8 orcs
  5 giant cockroaches
  9 goblins
  6 hobgoblins
  3 quokkas
  2 ball pythons
  6 bats (D:1)
  A frilled lizard (D:3)
  11 kobolds
  A leopard gecko skeleton (D:5)
  A quokka skeleton (D:4)
  A rat (D:1)
113 creatures vanquished.

Notes
Turn   | Place    | Note
-------+----------+-------------------------------------------
     0 | D:1      | foci the Gargoyle Fighter began the quest for the Orb.
     0 | D:1      | Reached XP level 1. HP: 14/14 MP: 1/1
    43 | D:1      | Reached skill level 2 in Axes
    43 | D:1      | Reached XP level 2. HP: 13/19 MP: 2/2
   419 | D:1      | Reached XP level 3. HP: 23/23 MP: 3/3
   645 | D:2      | Found a faded altar of an unknown god.
   829 | D:2      | Noticed Natasha
   836 | D:2      | Killed Natasha
   837 | D:2      | Reached skill level 1 in Dodging
   837 | D:2      | Reached XP level 4. HP: 28/28 MP: 4/4
   980 | D:2      | Noticed Natasha
   987 | D:2      | Killed Natasha
  1006 | D:2      | Noticed Natasha
  1021 | D:2      | Killed Natasha
  1022 | D:2      | Reached skill level 3 in Axes
  1022 | D:2      | Reached XP level 5. HP: 19/32 MP: 5/5
  1429 | D:3      | Noticed Sigmund
  1444 | D:3      | Killed Sigmund
  1445 | D:3      | Reached skill level 4 in Axes
  1445 | D:3      | Reached XP level 6. HP: 38/38 MP: 6/6
  1735 | D:3      | Noticed a phantom
  1744 | D:3      | Killed a phantom
  1982 | D:3      | Found an ornate altar of the Wu Jian Council.
  2214 | D:4      | Found a hide-covered altar of Uskayaw.
  2218 | D:4      | Noticed a -2 hand axe
  2218 | D:4      | Noticed a +0 dagger
  2280 | D:4      | Reached XP level 7. HP: 36/43 MP: 7/7
  2481 | D:4      | Reached skill level 5 in Armour
  2712 | D:4      | Identified the +2 robe of Antique Wonder {rElec Will+++
                  | MP+9 Str-4 Stlth+}
  2840 | D:4      | Found a staircase to the Ecumenical Temple.
  2848 | Temple   | Entered the Ecumenical Temple
  2937 | Temple   | Became a worshipper of the Shining One
  3099 | D:4      | Found a broken altar of Ashenzari.
  3251 | D:5      | Entered Level 5 of the Dungeon
  3313 | D:5      | Reached skill level 5 in Axes
  3313 | D:5      | Reached skill level 5 in Shields
  3340 | D:5      | Found a sparkling altar of Nemelex Xobeh.
  3658 | D:5      | Found a shimmering blue altar of Sif Muna.
  3758 | D:5      | Reached XP level 8. HP: 48/48 MP: 8/8
  4028 | D:6      | Noticed Duvessa
  4029 | D:6      | Found a radiant altar of Vehumet.
  4029 | D:6      | Noticed Dowan
  4042 | D:6      | Killed Dowan
  4045 | D:6      | Killed Duvessa
  4163 | D:6      | Reached skill level 6 in Axes
  4204 | D:6      | Reached * piety under the Shining One
  4218 | D:6      | Noticed Grinder
  4241 | D:6      | Killed Grinder
  4242 | D:6      | Reached skill level 5 in Fighting
  4983 | D:7      | Found a glowing silver altar of Zin.
  4988 | D:7      | Reached XP level 9. HP: 54/54 MP: 9/9
  5043 | D:7      | Reached skill level 7 in Axes
  5105 | D:7      | Noticed Harold
  5113 | D:7      | Slain by Harold

Illustrated notes

Levels and vault maps discovered:
D:1:      minmay_arrival_open_corners, layout_basic, lemuel_flame_loot_1
D:2:      layout_basic, chequers_ecumenical_altar_twisty, uniq_natasha
D:3:      layout_loops_corners, lemuel_round_altar, uniq_sigmund
D:4:      layout_rooms, nicolae_ashenzari_panopticon, dancing_weapons_uskayaw,
          minmay_temple_entry_mist
D:5:      kennysheep_six_static_rooms, layout_basic, overflow_temple_1_default,
          lemuel_round_altar, st_stairs_14
D:6:      layout_basic, basic_altar, uniq_duvessa, uniq_grinder
D:7:      layout_cave_pools, marbit_many_paths, kennysheep_mini, zin_statuary,
          nicolae_overflow_crystal_walls, lemuel_blue_sif_altar, uniq_maggie,
          uniq_harold
Temple:   minmay_temple_curvy_loop

Skill      XL: |  1  2  3  4  5  6  7  8  9 |
---------------+----------------------------+-----
Axes           | 2 3 4 5 6 7 |  7.2
Armour         | 4 5 6 |  6.1
Dodging        | 1 2 |  2.6
Shields        | 4 5 6 |  6.5
Fighting       | 4 5 |  5.4
Stealth        | |  0.9

Action                   |  1- 3 |  4- 6 |  7- 9 || total
-------------------------+-------+-------+-------++-------
Melee: War axe           |    71 |   110 |   199 ||   380
  Use: Scroll            |     4 |       |     9 ||    13
Armor: Scale mail        |    49 |    32 |   111 ||   192
Dodge: Dodged            |    34 |    39 |   149 ||   222
Block: Kite shield       |    58 |    57 |   152 ||   267

Table legend: (Time is in decaauts)
 A = Elapsed time spent in this place.
 B = Non-inter-level travel time spent in this place.
 C = Inter-level travel time spent in this place.
 D = Time resting spent in this place.
 E = Time spent auto-exploring this place.
 F = Levels seen in this place.
 G = Mean time per level.
                   A        B        C        D        E       F      G
               +--------+--------+--------+--------+--------+-----+--------+
         Total |   5310 |   5107 |    203 |      0 |   3801 |   8 |  663.8 |
       Dungeon |   5077 |   4874 |    203 |      0 |   3605 |   7 |  725.3 |
        Temple |    232 |    232 |      0 |      0 |    196 |   1 |  232.0 |
               +--------+--------+--------+--------+--------+-----+--------+

Top non-repeatable levels by time:
     D:3: 1033 daAuts
     D:6: 981 daAuts
     D:4: 849 daAuts
     D:5: 788 daAuts
     D:2: 642 daAuts
     D:1: 634 daAuts
  Temple: 232 daAuts
     D:7: 148 daAuts
